 Dungeon Crawl Stone Soup version 0.25.1-9-gc5326a611f (webtiles) character file.

Game seed: 3446411628776966792

88001 Omega the Severer (level 15, -8/150 HPs)
             Began as a Gargoyle Berserker on Feb 13, 2021.
             Was a High Priest of Trog.
             Hit by a silver javelin thrown by a merfolk javelineer (13 damage)
             ... on level 1 of the Shoals.
             The game lasted 00:25:42 (25892 turns).

Omega the Severer (Gargoyle Berserker)             Turns: 25892, Time: 00:25:42

Health: -8/150     AC: 39    Str: 32    XL:     15   Next: 92%
Magic:  6/6        EV:  9    Int: 10    God:    Trog [*****.]
Gold:   175        SH: 14    Dex:  9    Spells: 14/14 levels left

rFire    . . .     SeeInvis .   f - +9 broad axe (vorpal)
rCold    . . .     Gourm    .   t - +0 kite shield
rNeg     + + +     Faith    +   k - +1 plate armour
rPois    ∞         Spirit   .   q - +0 helmet of Repulsion {MR+ rCorr MP-9 Str+7}
rElec    +         Reflect  .   i - -1 cloak
rCorr    +         Harm     .   r - +2 pair of gloves
MR       ++...                  m - +2 pair of boots {Fly}
Stlth    ..........             x - amulet of faith
HPRegen  0.35/turn              Y - ring of positive energy
MPRegen  0.10/turn              u - ring of positive energy

@: berserking, flying, very quick
A: big wings, molten scales 1, rugged brown scales 1, negative energy resistance
1, electricity resistance, unbreathing, petrification resistance, rot immunity,
AC +11
a: Stop Flying, Berserk, Trog's Hand, Brothers in Arms, Renounce Religion


You were on level 1 of the Shoals.
You worshipped Trog.
Trog was extremely pleased with you.
You were hungry.

You visited 4 branches of the dungeon, and saw 24 of its levels.
You also visited: Ossuary.

You collected 1942 gold pieces.
You spent 1767 gold pieces at shops.


Innate Abilities, Weirdness & Mutations

You are resistant to torment.
Your stone body is resilient. (AC +11)
You are immune to poison.
Your large and strong wings let you fly indefinitely.
You resist negative energy. (rN+)
You are resistant to electric shocks. (rElec)
You can survive without breathing.
You are immune to petrification.
You are immune to rotting.
You are partially covered in molten scales. (AC +2)
You are partially covered in rugged brown scales. (AC +1, +3% HP)


   Skills:
 - Level 13.0 Fighting
 - Level 17.0 Axes
 + Level 12.3 Armour
 - Level 3.0 Dodging
 - Level 13.0 Shields


You had 14 spell levels left.
You didn't know any spells.
Your spell library was empty.

Inventory:

Hand Weapons
 b - a +0 morningstar
 f - a +9 vorpal broad axe (weapon)
Armour
 i - a -1 cloak (worn)
 k - a +1 plate armour (worn)
 m - a +2 pair of boots of flying (worn)
 q - the +0 helmet of Repulsion (worn) {MR+ rCorr MP-9 Str+7}
   (You bought it in a shop on level 10 of the Dungeon)

   It affects your strength (+7).
   It affects your resistance to hostile enchantments.
   It affects your magic capacity (-9).
   It provides partial protection from all sources of acid and corrosion.
 r - a +2 pair of gloves (worn)
 t - a +0 kite shield (worn)
 A - a +1 chain mail of fire resistance
Jewellery
 u - a ring of positive energy (right hand)
 x - an amulet of faith (around neck)
 y - an uncursed ring of resist corrosion
 z - an uncursed ring of resist corrosion
 Y - a ring of positive energy (left hand)
Wands
 s - a wand of polymorph (4)
Scrolls
 a - 10 scrolls of remove curse
 g - a scroll of enchant weapon
 n - 3 scrolls of teleportation
 v - 15 scrolls of identify
Potions
 c - 11 potions of curing
 d - 7 potions of heal wounds
 j - 6 potions of haste
 l - 3 potions of might
 p - 4 potions of mutation
 w - a potion of cancellation
Comestibles
 e - 27 rations

Dungeon Overview and Level Annotations

Branches:
Dungeon (15/15)            Temple (0/1) D:7            Lair (6/6) D:10
 Shoals (1/4) Lair:3        Snake (0/4) Lair:2        Slime (0/5) Lair:5
    Orc (2/2) D:9             Elf (0/3) Orc:2        Vaults (0/5) D:13
 Depths (0/5) D:15        Ossuary (visited)

Altars:
Makhleb
Nemelex Xobeh
Okawaru
Qazlal
Ru
Sif Muna
Trog
The Shining One
Beogh
Jiyva

Shops:
D:7 *   D:10 [[}%   Orc:1 :   Orc:2 *?::(%=?*   Shoals:1 (*

Portals:
Trove: D:15 (give 17 potions of curing)

Annotations:
Orc:2 2 runed translucent doors


Message History

The merfolk is almost dead.
You block the merfolk's attack.
You completely miss the merfolk.
The merfolk is almost dead.
The merfolk javelineer throws a silver javelin.
The silver javelin barely misses you.
The merfolk throws a boomerang.
You block the boomerang.
The weapon returns to the merfolk!
You hit the merfolk.
The merfolk is almost dead.
The merfolk hits you but does no damage.
You slice the merfolk!!
You feel the power of Trog in you as your rage grows.
You kill the merfolk!
Trog accepts your kill.
The merfolk javelineer throws a silver javelin.
The silver javelin closely misses you.
The merfolk throws a boomerang.
You block the boomerang.
The weapon returns to the merfolk!
The merfolk javelineer throws a silver javelin.
The silver javelin pierces through you!
You die...

~~~~~~~.......~.
~~~~~~~~......~.
~~~~~~~~~...8.>.
~~~~~~~~~~~~....
....mm.~~~~~....
........~~~.....
#....).......~~~~~~~
#...@).......~~~~~~~
###..(.(.....~~~~~~~
###.)######..~~~~~~
#...((.......~~~~~~
##..(.........~~~~%.
#......).......~~~.P
#..................\P
~..........))(.........
~~~.......).))...%......


You could see a merfolk javelineer and a merfolk.

Vanquished Creatures
  Roxanne (D:15)
  A dire elephant (Lair:6)
  Snorg (Lair:6)
  2 ettins
  4 vault guards
  2 catoblepae
  4 merfolk aquamancers (Shoals:1)
  4 hydras
  3 centaur warriors
  5 two-headed ogres
  A deep troll shaman (Lair:6)
  5 death yaks (Lair:6)
  A merfolk avatar (Shoals:1)
  A titan zombie (D:15)
  3 skeletal warriors
  A golden dragon zombie (D:15)
  A deep troll (D:14)
  A flayed ghost (D:15)
  3 unseen horrors
  A sea snake (Shoals:1)
  A golden dragon skeleton (D:15)
  A necromancer (D:15)
  3 orc knights (Orc:2)
  4 manticores
  An orc sorcerer (Orc:2)
  7 cyclopes
  16 ugly things
  4 elephants (Lair:6)
  4 black mambas
  12 spiny frogs
  3 gargoyles
  A kobold demonologist (D:12)
  8 komodo dragons
  2 rime drakes
  A freezing wraith (D:15)
  A yaktaur (D:14)
  4 merfolk (Shoals:1)
  3 polar bears
  5 trolls
  3 hornets
  2 blink frogs (Lair:3)
  3 slime creatures (D:13)
  7 hippogriffs
  A snapping turtle (Lair:3)
  4 shadows
  2 hogs (D:7)
  A tarantella (shapeshifter) (D:13)
  5 wyverns
  2 vampires (D:14)
  A wraith (Ossuary)
  35 yaks
  10 humans
  4 fire bats (Lair:2)
  3 basilisks
  A vampire mosquito (D:14)
  4 hungry ghosts
  Menkaure (D:7)
  A human zombie (D:15)
  Duvessa (D:4)
  15 water moccasins
  2 acid dragons
  8 porcupines
  29 orc warriors
  2 phantoms
  2 sky beasts
  2 black bears (Lair:6)
  A hornet zombie (D:11)
  A necrophage (D:14)
  3 ice beasts
  16 wolves
  8 ogres
  26 centaurs
  14 crocodiles
  3 big kobolds
  14 bullfrogs
  A gnoll sergeant (D:13)
  6 scorpions
  Dowan (D:4)
  7 killer bees
  12 wights
  3 centaur zombies
  8 howler monkeys
  2 lava snakes (Lair:2)
  7 crimson imps
  2 iron imps (D:4)
  2 bullfrog skeletons
  5 hounds
  4 jellies
  5 orc priests
  13 orc wizards
  8 centaur skeletons
  5 iguanas
  9 worker ants
  A killer bee zombie (D:9)
  2 hound skeletons
  A mummy (Ossuary)
  A howler monkey zombie (D:5)
  2 worker ant zombies
  Robin (D:2)
  5 gnolls (D:13)
  14 adders
  3 shadow imps
  12 white imps (Lair:2)
  3 oozes
  2 adder skeletons
  An adder zombie (D:6)
  3 worms
  3 dart slugs
  5 leopard geckos
  71 orcs
  8 bats
  3 giant cockroaches
  11 hobgoblins
  14 jackals
  19 kobolds
  7 quokkas
  3 ball pythons
  6 frilled lizards
  5 gnoll skeletons (Ossuary)
  8 goblins
  A jackal zombie (D:5)
  6 kobold skeletons (Ossuary)
  14 orc skeletons (Ossuary)
  2 quokka skeletons
  2 quokka zombies (D:5)
  8 rats
  A fire vortex (Lair:2)
  6 fungi
  3 plants
720 creatures vanquished.

Vanquished Creatures (collateral kills)
  4 hydras
  Sonja (Lair:3)
  A manticore (Shoals:1)
  A merfolk siren (Shoals:1)
  A merfolk (Shoals:1)
  2 blink frogs (Lair:3)
  A porcupine (Lair:5)
11 creatures vanquished.

Vanquished Creatures (others)
  An orc wizard (Orc:2)
  A plant (Lair:6)
  4 withered plants (D:15)
6 creatures vanquished.

Grand Total: 737 creatures vanquished

Notes
Turn   | Place    | Note
-------+----------+-------------------------------------------
     0 | D:1      | Omega the Gargoyle Berserker began the quest for the Orb.
     0 | D:1      | Reached XP level 1. HP: 14/14 MP: 1/1
     0 | D:1      | 0 ||| counter = 1
    60 | D:1      | Reached skill level 3 in Axes
   139 | D:1      | 139 ||| DROPPING +0 club.
   225 | D:1      | Reached XP level 2. HP: 19/19 MP: 2/2
   551 | D:1      | Reached XP level 3. HP: 21/23 MP: 3/3
   890 | D:1      | 890 ||| UPGRADING to chain mail.
   900 | D:1      | 900 ||| DROPPING +0 animal skin.
   901 | D:1      | 901 ||| UPGRADING to pair of runed gloves.
   906 | D:1      | 906 ||| READING scroll labeled ZOEXKA BIOR.
   907 | D:1      | 907 ||| READING scroll labeled ISUTSI REANALU.
   908 | D:1      | 908 ||| READING scroll labeled ACUALOU EGIOWINE.
   909 | D:1      | 909 ||| READING 2 scrolls labeled JUJORGH CEIMAAHOERCH.
   910 | D:1      | 910 ||| READING scroll labeled EFOSEO YREE.
   911 | D:1      | 911 ||| DRINKING 4 cyan potions.
   912 | D:1      | 912 ||| DRINKING 2 fuming clear potions.
   965 | D:1      | 965 ||| DROPPING potion of berserk rage.
  1077 | D:2      | Reached ** piety under Trog
  1139 | D:2      | Noticed Robin
  1142 | D:2      | 1142 ||| INVOKING Berserk.
  1150 | D:2      | Reached skill level 4 in Axes
  1151 | D:2      | Killed Robin
  1284 | D:2      | Reached XP level 4. HP: 28/28 MP: 4/4
  1949 | D:2      | 1949 ||| UPGRADING to +0 helmet.
  1954 | D:2      | 1954 ||| UPGRADING to cloak.
  1959 | D:2      | 1959 ||| READING scroll labeled CAICE VIU.
  1960 | D:2      | 1960 ||| READING scroll labeled LULIYG MUW AFU.
  1961 | D:2      | 1961 ||| READING 2 scrolls labeled BIB MOTHUEZXATS.
  1964 | D:2      | 1964 ||| DRINKING 3 sedimented red potions.
  2014 | D:3      | 2014 ||| STAIRDANCE
  2037 | D:3      | 2037 ||| STAIRDANCE
  2153 | D:3      | Reached skill level 5 in Axes
  2353 | D:3      | Reached *** piety under Trog
  2353 | D:3      | Reached XP level 5. HP: 32/32 MP: 5/5
  2613 | D:3      | Reached skill level 3 in Armour
  2622 | D:3      | Noticed an ogre
  2627 | D:3      | 2627 ||| INVOKING Berserk.
  2645 | D:3      | HP: 6/48 [something/magic dart (7)]
  2648 | D:3      | Killed an ogre
  2648 | D:3      | Reached XP level 6. HP: 7/39 MP: 6/6
  2653 | D:3      | 2653 ||| READING 2 scrolls of teleportation.
  2654 | D:3      | 2654 ||| DRINKING 3 potions of heal wounds.
  2765 | D:3      | 2765 ||| DROPPING whip.
  3161 | D:3      | 3161 ||| DROPPING cursed -2 flail.
  3245 | D:3      | 3245 ||| READING scroll labeled BUUKEAMMIN.
  3246 | D:3      | 3246 ||| DRINKING 2 red potions.
  3247 | D:3      | 3247 ||| READING scroll of identify.
  3247 | D:3      | 3247 ||| IDENTIFYING large glass ring
  3248 | D:3      | 3248 ||| DROPPING ring of stealth.
  3327 | D:4      | 3327 ||| STAIRDANCE
  3424 | D:4      | Noticed Dowan
  3425 | D:4      | Noticed Duvessa
  3428 | D:4      | 3428 ||| INVOKING Berserk.
  3433 | D:4      | Killed Dowan
  3442 | D:4      | Killed Duvessa
  3442 | D:4      | Reached skill level 6 in Axes
  3442 | D:4      | Reached XP level 7. HP: 43/44 MP: 7/7
  3589 | D:4      | 3589 ||| INVOKING Berserk.
  3764 | D:4      | Found a burning altar of Makhleb.
  4020 | D:4      | Found a bloodstained altar of Trog.
  4108 | D:4      | Reached skill level 7 in Axes
  4181 | D:4      | 4181 ||| UPGRADING to buckler.
  4186 | D:4      | 4186 ||| UPGRADING to twisted diamond ring.
  4187 | D:4      | 4187 ||| READING 2 scrolls of remove curse.
  4188 | D:4      | 4188 ||| REMOVING ring of teleportation.
  4189 | D:4      | 4189 ||| DROPPING ring of teleportation.
  4190 | D:4      | 4190 ||| READING scroll labeled WAOSOS UNIH.
  4191 | D:4      | 4191 ||| READING scroll labeled RECUMO AFUXT.
  4192 | D:4      | 4192 ||| READING 2 scrolls of identify.
  4192 | D:4      | 4192 ||| IDENTIFYING bubbling brown potion
  4193 | D:4      | 4193 ||| DROPPING potion of invisibility.
  4216 | D:5      | Entered Level 5 of the Dungeon
  4228 | D:5      | 4228 ||| INVOKING Berserk.
  4229 | D:5      | Reached skill level 1 in Shields
  4246 | D:5      | Reached **** piety under Trog
  4295 | D:5      | 4295 ||| DROPPING +0 flail.
  4360 | D:5      | Reached skill level 3 in Shields
  4392 | D:5      | 4392 ||| INVOKING Berserk.
  4396 | D:5      | Reached XP level 8. HP: 48/48 MP: 8/8
  4780 | D:5      | Found a sand-covered staircase.
  4781 | D:5      | 4781 ||| Found Ossuary.
  4791 | Ossuary  | Entered an ossuary
  4791 | Ossuary  | Noticed a wraith
  4791 | Ossuary  | Noticed a wraith
  4791 | Ossuary  | Noticed a wraith
  4792 | Ossuary  | 4792 ||| Entered Ossuary.
  4884 | Ossuary  | Noticed a wraith
  4926 | Ossuary  | 4926 ||| INVOKING Berserk.
  4927 | Ossuary  | Killed a wraith
  4976 | Ossuary  | 4976 ||| EATING 13 rations.
  5221 | Ossuary  | 5221 ||| DRINKING 2 glowing inky potions.
  5222 | Ossuary  | 5222 ||| DRINKING 2 fizzy clear potions.
  5222 | Ossuary  | Gained mutation: You are partially covered in molten
                  | scales. (AC +2) [potion of mutation]
  5222 | Ossuary  | Gained mutation: You are partially covered in rugged brown
                  | scales. (AC +1, +3% HP) [potion of mutation]
  5225 | Ossuary  | 5225 ||| READING 2 scrolls of identify.
  5225 | Ossuary  | 5225 ||| IDENTIFYING black potion
  5226 | Ossuary  | 5226 ||| DROPPING potion of stabbing.
  5380 | D:5      | 5380 ||| INVOKING Berserk.
  5714 | D:6      | 5714 ||| READING scroll of enchant weapon.
  5714 | D:6      | 5714 ||| ENCHANTING +1 hand axe.
  5992 | D:6      | Reached skill level 8 in Axes
  6257 | D:6      | Reached skill level 6 in Fighting
  6277 | D:6      | Reached XP level 9. HP: 53/56 MP: 9/9
  6391 | D:6      | Reached ***** piety under Trog
  6476 | D:6      | 6476 ||| INVOKING Berserk.
  6758 | D:6      | 6758 ||| UPGRADING to pair of embroidered boots.
  6763 | D:6      | 6763 ||| UPGRADING to onyx ring.
  6764 | D:6      | 6764 ||| DRINKING 2 smoky cyan potions.
  6765 | D:6      | 6765 ||| READING 2 scrolls of identify.
  6765 | D:6      | 6765 ||| IDENTIFYING coppery potion
  6766 | D:6      | 6766 ||| DROPPING potion of flight.
  6767 | D:6      | 6767 ||| DROPPING potion of degeneration.
  6910 | D:7      | Found a staircase to the Ecumenical Temple.
  6962 | D:7      | Reached skill level 9 in Axes
  7154 | D:7      | Noticed Menkaure
  7174 | D:7      | Killed Menkaure
  7343 | D:7      | Found Ciow's Assorted Antiques.
  7346 | D:7      | Bought a scroll of enchant armour for 217 gold pieces
  7346 | D:7      | 7346 ||| SHOPLISTING runed chain mail (217 gold, have 144).
  7346 | D:7      | 7346 ||| READING scroll of enchant armour.
  7346 | D:7      | 7346 ||| ENCHANTING +1 pair of gloves.
  7752 | D:7      | Reached skill level 6 in Armour
  7771 | D:7      | 7771 ||| INVOKING Berserk.
  8009 | D:7      | Reached skill level 10 in Axes
  8009 | D:7      | Reached XP level 10. HP: 47/64 MP: 10/10
  8230 | D:7      | 8230 ||| UPGRADING to runed chain mail.
  8240 | D:7      | 8240 ||| DROPPING +0 chain mail.
  8241 | D:7      | 8241 ||| READING 6 scrolls of remove curse.
  8242 | D:7      | 8242 ||| UPGRADING to ring of positive energy.
  8243 | D:7      | 8243 ||| READING 2 scrolls of identify.
  8243 | D:7      | 8243 ||| IDENTIFYING silvery potion
  8244 | D:7      | 8244 ||| DROPPING potion of lignification.
  8539 | D:8      | 8539 ||| READING scroll of enchant armour.
  8539 | D:8      | 8539 ||| ENCHANTING +0 helmet.
  8916 | D:8      | 8916 ||| EATING 24 rations.
  9137 | D:8      | 9137 ||| READING 2 scrolls labeled ENIMAT PEKAI.
  9138 | D:8      | 9138 ||| DROPPING scroll of random uselessness.
  9251 | D:9      | 9251 ||| SWAPPING to +2 hand axe of freezing.
  9252 | D:9      | 9252 ||| DROPPING +4 hand axe.
  9253 | D:9      | 9253 ||| DROPPING +2 hand axe.
  9452 | D:9      | Received a gift from Trog
  9693 | D:9      | 9693 ||| INVOKING Berserk.
  9710 | D:9      | 9710 ||| READING 6 scrolls of teleportation.
  9786 | D:9      | Reached skill level 9 in Fighting
  9925 | D:9      | 9925 ||| SWAPPING to +0 war axe.
  9926 | D:9      | 9926 ||| DROPPING +2 hand axe of freezing.
  9933 | D:9      | Found a staircase to the Orcish Mines.
 10174 | D:9      | 10174 ||| INVOKING Berserk.
 10399 | D:9      | 10399 ||| EATING 27 rations.
 10714 | D:9      | 10714 ||| UPGRADING to +0 plate armour.
 10724 | D:9      | 10724 ||| DROPPING +0 chain mail.
 10725 | D:9      | 10725 ||| READING scroll labeled HOEL BESIULU.
 10734 | D:10     | Entered Level 10 of the Dungeon
 10741 | D:10     | 10741 ||| INVOKING Berserk.
 10793 | D:10     | 10793 ||| STAIRDANCE
 10805 | D:10     | 10805 ||| STAIRDANCE
 10810 | D:10     | 10810 ||| STAIRDANCE
 10818 | D:9      | 10818 ||| EATING 26 rations.
 10828 | D:10     | 10828 ||| STAIRDANCE
 10842 | D:10     | 10842 ||| STAIRDANCE
 10847 | D:10     | 10847 ||| STAIRDANCE
 10935 | D:10     | 10935 ||| INVOKING Berserk.
 10964 | D:10     | 10964 ||| STAIRDANCE
 10990 | D:10     | 10990 ||| INVOKING Berserk.
 10999 | D:10     | Reached skill level 9 in Armour
 11075 | D:10     | Found Utif's Gadget Shop.
 11112 | D:11     | 11112 ||| SWAPPING to broad axe.
 11116 | D:11     | 11116 ||| INVOKING Berserk.
 11154 | D:11     | 11154 ||| EATING 25 rations.
 11155 | D:11     | 11155 ||| DROPPING +0 war axe.
 11159 | D:11     | Noticed a two-headed ogre
 11162 | D:11     | 11162 ||| INVOKING Berserk.
 11169 | D:11     | Noticed a red ugly thing
 11171 | D:11     | Killed a two-headed ogre
 11171 | D:11     | Reached skill level 11 in Axes
 11171 | D:11     | Reached XP level 11. HP: 73/73 MP: 11/11
 11186 | D:11     | Killed a red ugly thing
 11219 | D:11     | Noticed a cyclops
 11236 | D:11     | 11236 ||| STAIRDANCE
 11245 | D:10     | Found Dasch's Armour Shop.
 11253 | D:10     | Bought the cursed +0 helmet of Repulsion {MR+ rCorr MP-9
                  | Str+7} for 232 gold pieces
 11253 | D:10     | 11253 ||| SHOPLISTING +0 ice dragon scales (900 gold, have
                  | 101).
 11253 | D:10     | 11253 ||| SHOPLISTING +6 ring mail of Cieb {rF+ rN++} (877
                  | gold, have 101).
 11365 | D:10     | Found Kaihorr's Food Emporium.
 11439 | D:10     | 11439 ||| READING scroll of enchant weapon.
 11439 | D:10     | 11439 ||| ENCHANTING +0 broad axe.
 11456 | D:10     | Found a staircase to the Lair.
 11561 | D:10     | Found a sacrificial altar of Ru.
 11623 | D:10     | Found Juurix's Antique Armour Shoppe.
 11641 | D:10     | 11641 ||| SHOPLISTING cloak (139 gold, have 124).
 11641 | D:10     | 11641 ||| SHOPLISTING +3 crown of Dyrovepreva {rElec Int+2
                  | SInv} (1283 gold, have 124).
 11641 | D:10     | 11641 ||| SHOPLISTING runed chain mail (232 gold, have
                  | 124).
 11691 | D:10     | 11691 ||| UPGRADING to cursed +0 helmet of Repulsion {MR+
                  | rCorr MP-9 Str+7}.
 11701 | D:10     | 11701 ||| DROPPING +1 helmet.
 11702 | D:10     | 11702 ||| READING 6 scrolls of remove curse.
 11703 | D:10     | 11703 ||| UPGRADING to glowing pearl ring.
 11705 | D:10     | 11705 ||| READING 5 scrolls of remove curse.
 11706 | D:10     | 11706 ||| REMOVING -4 ring of dexterity.
 11707 | D:10     | 11707 ||| DROPPING -4 ring of dexterity.
 11708 | D:10     | 11708 ||| UPGRADING to ring of positive energy.
 11736 | Lair:1   | Entered Level 1 of the Lair of Beasts
 11737 | Lair:1   | 11737 ||| Entered L.
 11770 | Lair:1   | 11770 ||| EATING 26 rations.
 11785 | Lair:1   | Reached skill level 12 in Axes
 12070 | Lair:1   | 12070 ||| STAIRDANCE
 12117 | Lair:1   | 12117 ||| STAIRDANCE
 12249 | Lair:1   | 12249 ||| READING scroll of enchant weapon.
 12249 | Lair:1   | 12249 ||| ENCHANTING +1 broad axe.
 12332 | Lair:1   | 12332 ||| INVOKING Berserk.
 12334 | Lair:1   | Received a gift from Trog
 12377 | Lair:1   | 12377 ||| SWAPPING to runed broad axe {god gift}.
 12378 | Lair:1   | 12378 ||| DROPPING +2 broad axe.
 12968 | Lair:1   | 12968 ||| READING scroll of enchant weapon.
 12968 | Lair:1   | 12968 ||| ENCHANTING +6 vorpal broad axe.
 13058 | Lair:1   | 13058 ||| INVOKING Berserk.
 13063 | Lair:1   | 13063 ||| EATING 27 rations.
 13133 | Lair:1   | 13133 ||| STAIRDANCE
 13236 | Lair:1   | Reached XP level 12. HP: 79/79 MP: 3/12
 13298 | Lair:2   | 13298 ||| STAIRDANCE
 13311 | Lair:2   | Noticed a six-headed hydra
 13530 | Lair:2   | Reached skill level 13 in Axes
 13565 | Lair:2   | Found a staircase to the Snake Pit.
 13699 | Lair:2   | Noticed a catoblepas
 13703 | Lair:2   | 13703 ||| INVOKING Berserk.
 13710 | Lair:2   | Killed a catoblepas
 13731 | Lair:2   | 13731 ||| READING 5 scrolls of teleportation.
 13911 | Lair:2   | 13911 ||| INVOKING Brothers in Arms.
 13914 | Lair:2   | 13914 ||| SWAPPING to +0 morningstar.
 13915 | Lair:2   | 13915 ||| INVOKING Berserk.
 13917 | Lair:2   | Killed a five-headed hydra
 13921 | Lair:2   | 13921 ||| SWAPPING to +7 vorpal broad axe.
 13957 | Lair:2   | 13957 ||| EATING 26 rations.
 14464 | Lair:3   | 14464 ||| INVOKING Berserk.
 14476 | Lair:3   | 14476 ||| READING 4 scrolls of teleportation.
 14547 | Lair:3   | 14547 ||| INVOKING Berserk.
 14552 | Lair:3   | 14552 ||| READING 3 scrolls of teleportation.
 14570 | Lair:3   | 14570 ||| EATING 25 rations.
 14612 | Lair:3   | 14612 ||| READING scroll of enchant armour.
 14612 | Lair:3   | 14612 ||| ENCHANTING +0 plate armour.
 14672 | Lair:3   | Found a staircase to the Shoals.
 15214 | Lair:3   | Noticed Sonja
 15217 | Lair:3   | 15217 ||| INVOKING Brothers in Arms.
 15218 | Lair:3   | 15218 ||| INVOKING Berserk.
 15229 | Lair:3   | Killed Sonja
 15229 | Lair:3   | Received a gift from Trog
 15247 | Lair:3   | 15247 ||| EATING 24 rations.
 15277 | Lair:3   | 15277 ||| READING scroll of enchant weapon.
 15277 | Lair:3   | 15277 ||| ENCHANTING +7 vorpal broad axe.
 15778 | Lair:3   | 15778 ||| READING 3 scrolls labeled BIRY POIZUOMOWA.
 15779 | Lair:3   | 15779 ||| DROPPING 2 scrolls of vulnerability.
 15816 | Lair:4   | Reached skill level 14 in Axes
 16013 | Lair:4   | Noticed a seven-headed hydra
 16014 | Lair:4   | 16014 ||| INVOKING Brothers in Arms.
 16016 | Lair:4   | 16016 ||| SWAPPING to +0 morningstar.
 16017 | Lair:4   | 16017 ||| INVOKING Berserk.
 16021 | Lair:4   | Killed an eight-headed hydra
 16025 | Lair:4   | 16025 ||| SWAPPING to +8 vorpal broad axe.
 16155 | Lair:4   | Reached XP level 13. HP: 86/86 MP: 4/13
 16206 | Lair:4   | Reached skill level 3 in Dodging
 16824 | Lair:5   | 16824 ||| INVOKING Brothers in Arms.
 16825 | Lair:5   | Found a staircase to the Slime Pits.
 16825 | Lair:5   | Found a viscous altar of Jiyva.
 16826 | Lair:5   | 16826 ||| SWAPPING to +0 morningstar.
 16828 | Lair:5   | 16828 ||| INVOKING Berserk.
 16830 | Lair:5   | 16830 ||| EATING 26 rations.
 16835 | Lair:5   | 16835 ||| SWAPPING to +8 vorpal broad axe.
 16930 | Lair:5   | Found a gate leading to a gauntlet.
 16952 | Lair:5   | 16952 ||| INVOKING Brothers in Arms.
 16953 | Lair:5   | 16953 ||| INVOKING Brothers in Arms.
 16954 | Lair:5   | 16954 ||| SWAPPING to +0 morningstar.
 16956 | Lair:5   | 16956 ||| INVOKING Berserk.
 16963 | Lair:5   | 16963 ||| SWAPPING to +8 vorpal broad axe.
 17045 | Lair:5   | Found a glowing golden altar of the Shining One.
 17495 | Lair:5   | 17495 ||| INVOKING Brothers in Arms.
 17496 | Lair:5   | 17496 ||| SWAPPING to +0 morningstar.
 17497 | Lair:5   | 17497 ||| INVOKING Berserk.
 17514 | Lair:5   | 17514 ||| SWAPPING to +8 vorpal broad axe.
 17542 | Lair:5   | 17542 ||| EATING 27 rations.
 17854 | Lair:5   | 17854 ||| UPGRADING to granite ring.
 17856 | Lair:5   | 17856 ||| REMOVING ring of poison resistance.
 17857 | Lair:5   | 17857 ||| DROPPING ring of poison resistance.
 17858 | Lair:5   | 17858 ||| UPGRADING to ring of positive energy.
 17901 | Lair:6   | Entered Level 6 of the Lair of Beasts
 17914 | Lair:6   | Noticed Snorg
 17921 | Lair:6   | 17921 ||| INVOKING Berserk.
 17929 | Lair:6   | Killed Snorg
 17940 | Lair:6   | Reached skill level 15 in Axes
 18456 | Lair:6   | Reached skill level 12 in Fighting
 18544 | Lair:6   | 18544 ||| INVOKING Berserk.
 18546 | Lair:6   | Noticed a dire elephant
 18551 | Lair:6   | Reached skill level 12 in Armour
 18563 | Lair:6   | 18563 ||| READING 5 scrolls of teleportation.
 18754 | Lair:6   | 18754 ||| INVOKING Berserk.
 18762 | Lair:6   | Killed a dire elephant
 18908 | Lair:6   | 18908 ||| INVOKING Berserk.
 18985 | Lair:6   | 18985 ||| INVOKING Brothers in Arms.
 18986 | Lair:6   | 18986 ||| SWAPPING to +0 morningstar.
 18987 | Lair:6   | 18987 ||| INVOKING Berserk.
 18993 | Lair:6   | Gained mutation: Your large and strong wings let you fly
                  | indefinitely. [Gargoyle growth]
 18993 | Lair:6   | Reached XP level 14. HP: 94/94 MP: 5/14
 18997 | Lair:6   | 18997 ||| SWAPPING to +8 vorpal broad axe.
 19478 | D:11     | 19478 ||| EATING 27 rations.
 19866 | D:12     | 19866 ||| INVOKING Berserk.
 19874 | D:12     | 19874 ||| STAIRDANCE
 20012 | D:12     | 20012 ||| INVOKING Brothers in Arms.
 20013 | D:12     | 20013 ||| INVOKING Brothers in Arms.
 20015 | D:12     | 20015 ||| SWAPPING to +0 morningstar.
 20016 | D:12     | 20016 ||| INVOKING Berserk.
 20024 | D:12     | 20024 ||| SWAPPING to +8 vorpal broad axe.
 20041 | D:12     | 20041 ||| EATING 29 rations.
 20173 | D:12     | Reached skill level 16 in Axes
 20470 | D:12     | 20470 ||| UPGRADING to kite shield.
 20480 | D:12     | 20480 ||| DROPPING +0 buckler.
 20488 | D:13     | You are sucked into a shaft and drop 2 floors!
 20488 | D:15     | Entered Level 15 of the Dungeon
 20489 | D:15     | 20489 ||| Shafted from D:13 to D:15.
 20549 | D:15     | Identified Roxanne's Compendium of the Mountains
 20549 | D:15     | Noticed Roxanne
 20554 | D:15     | 20554 ||| INVOKING Berserk.
 20564 | D:15     | Killed Roxanne
 20612 | D:15     | Reached skill level 6 in Shields
 20713 | D:14     | 20713 ||| INVOKING Berserk.
 20722 | D:14     | Identified the +5 battleaxe of the Eight Artisans {flame,
                  | Str+6}
 20737 | D:14     | Reached skill level 9 in Shields
 20783 | D:14     | 20783 ||| READING 4 scrolls of teleportation.
 20912 | D:13     | 20912 ||| Successfully unshafted to D:13.
 21051 | D:13     | 21051 ||| READING scroll of enchant weapon.
 21051 | D:13     | 21051 ||| ENCHANTING +8 vorpal broad axe.
 21158 | D:13     | Reached XP level 15. HP: 86/98 MP: 6/15
 21229 | D:13     | Found a gate to the Vaults.
 21352 | D:13     | 21352 ||| INVOKING Berserk.
 21678 | D:13     | Reached skill level 12 in Shields
 21693 | D:13     | 21693 ||| UPGRADING to shiny kite shield.
 21703 | D:13     | 21703 ||| DROPPING +0 kite shield.
 21704 | D:13     | 21704 ||| READING 9 scrolls of remove curse.
 21706 | D:13     | 21706 ||| UPGRADING to twisted platinum amulet.
 21707 | D:13     | 21707 ||| READING 8 scrolls of remove curse.
 21708 | D:13     | 21708 ||| REMOVING amulet of inaccuracy.
 21709 | D:13     | 21709 ||| DROPPING amulet of inaccuracy.
 21710 | D:13     | 21710 ||| READING 13 scrolls of identify.
 21710 | D:13     | 21710 ||| IDENTIFYING brown potion
 21711 | D:13     | 21711 ||| READING 12 scrolls of identify.
 21711 | D:13     | 21711 ||| IDENTIFYING fizzy dark potion
 21712 | D:13     | 21712 ||| DROPPING potion of brilliance.
 21852 | D:14     | Found a shimmering blue altar of Sif Muna.
 21852 | D:14     | Found a sparkling altar of Nemelex Xobeh.
 21861 | D:14     | Received a gift from Trog
 21868 | D:14     | 21868 ||| SWAPPING to runed broad axe {god gift}.
 21869 | D:14     | 21869 ||| SWAPPING to +9 vorpal broad axe.
 21870 | D:14     | 21870 ||| DROPPING +1 vorpal broad axe.
 22114 | D:14     | 22114 ||| INVOKING Brothers in Arms.
 22116 | D:14     | 22116 ||| SWAPPING to +0 morningstar.
 22117 | D:14     | 22117 ||| INVOKING Berserk.
 22126 | D:14     | 22126 ||| SWAPPING to +9 vorpal broad axe.
 22253 | D:14     | Found the +3 robe of Clouds {+Thunder rCloud rElec}
 22549 | D:14     | 22549 ||| INVOKING Berserk.
 22584 | D:14     | 22584 ||| EATING 30 rations.
 22880 | D:15     | Found a staircase to the Depths.
 22890 | D:15     | 22890 ||| INVOKING Berserk.
 22907 | D:15     | 22907 ||| READING 4 scrolls of teleportation.
 23229 | D:15     | Found a portal to a secret trove of treasure.
 23271 | D:15     | 23271 ||| INVOKING Berserk.
 23319 | D:15     | Found a stormy altar of Qazlal.
 23390 | D:15     | 23390 ||| STAIRDANCE
 23555 | D:15     | 23555 ||| EATING 30 rations.
 23874 | Orc:1    | Entered Level 1 of the Orcish Mines
 23875 | Orc:1    | 23875 ||| Entered O.
 23968 | Orc:1    | Found an iron altar of Okawaru.
 24034 | Orc:1    | Found Tebofri's Book Emporium.
 24085 | Orc:2    | Entered Level 2 of the Orcish Mines
 24085 | Orc:2    | Found a staircase to the Elven Halls.
 24085 | Orc:2    | Found a roughly hewn altar of Beogh.
 24115 | Orc:2    | Found Wiji's Jewellery Emporium.
 24117 | Orc:2    | Found Xutremot's Magic Scroll Boutique.
 24123 | Orc:2    | Bought an uncursed amulet of guardian spirit for 330 gold
                  | pieces
 24123 | Orc:2    | Bought an uncursed amulet of faith for 440 gold pieces
 24123 | Orc:2    | Bought an uncursed ring of resist corrosion for 220 gold
                  | pieces
 24123 | Orc:2    | 24123 ||| SHOPLISTING ring of protection from cold (275
                  | gold, have 233).
 24123 | Orc:2    | Bought an uncursed ring of resist corrosion for 220 gold
                  | pieces
 24123 | Orc:2    | 24123 ||| SHOPLISTING ring of ice (275 gold, have 13).
 24128 | Orc:2    | 24128 ||| SHOPLISTING scroll of teleportation (33 gold,
                  | have 13).
 24128 | Orc:2    | 24128 ||| SHOPLISTING scroll of remove curse (33 gold, have
                  | 13).
 24128 | Orc:2    | 24128 ||| SHOPLISTING scroll of enchant weapon (82 gold,
                  | have 13).
 24234 | Orc:2    | Found Romiuthru's General Store.
 24239 | Orc:2    | 24239 ||| INVOKING Berserk.
 24295 | Orc:2    | 24295 ||| SHOPLISTING +4 ring of evasion (612 gold, have
                  | 13).
 24328 | Orc:2    | Found a runed translucent door.
 24332 | Orc:2    | Found the +10 tower shield of Ignorance {rN+ Int-4}
 24348 | Orc:2    | Found a runed translucent door.
 24398 | Orc:2    | 24398 ||| INVOKING Berserk.
 24405 | Orc:2    | HP: 35/150 [orc warrior/+2 trident of venom (8)]
 24410 | Orc:2    | HP: 25/150 [orc knight/+0 broad axe (11)]
 24435 | Orc:2    | 24435 ||| DRINKING 9 potions of heal wounds.
 24438 | Orc:2    | 24438 ||| READING 4 scrolls of teleportation.
 24445 | Orc:2    | 24445 ||| READING 3 scrolls of teleportation.
 24450 | Orc:2    | 24450 ||| EATING 29 rations.
 24630 | Orc:2    | Found Homn's Weapon Emporium.
 24630 | Orc:2    | Found Vuimog's Book Boutique.
 24630 | Orc:2    | Found Fumiack's Book Shop.
 24692 | Orc:2    | Found Pihimi Xommo's Food Shoppe.
 24708 | Orc:2    | 24708 ||| INVOKING Trog's Hand.
 24723 | Orc:2    | 24723 ||| INVOKING Berserk.
 24745 | Orc:2    | Reached ****** piety under Trog
 24876 | Orc:2    | Found Sacvoum's Magic Scroll Shoppe.
 24881 | Orc:2    | Found Caerphar's General Store.
 24885 | Orc:2    | Bought a scroll of teleportation for 54 gold pieces
 24885 | Orc:2    | Bought a scroll of remove curse for 54 gold pieces
 24890 | Orc:2    | 24890 ||| SHOPLISTING potion of resistance (160 gold, have
                  | 127).
 24890 | Orc:2    | 24890 ||| SHOPLISTING ring of ice (400 gold, have 127).
 25177 | Orc:2    | 25177 ||| UPGRADING to amulet of guardian spirit.
 25238 | Orc:2    | 25238 ||| UPGRADING to amulet of faith.
 25240 | Orc:2    | 25240 ||| DROPPING amulet of guardian spirit.
 25297 | D:11     | 25297 ||| EATING 28 rations.
 25707 | Shoals:1 | Entered Level 1 of the Shoals
 25708 | Shoals:1 | 25708 ||| Entered A.
 25708 | Shoals:1 | 25708 ||| INVOKING Trog's Hand.
 25709 | Shoals:1 | 25709 ||| INVOKING Brothers in Arms.
 25724 | Shoals:1 | Found Dust's Antique Weapon Shoppe.
 25729 | Shoals:1 | Found Ratz's Assorted Antiques.
 25748 | Shoals:1 | 25748 ||| INVOKING Berserk.
 25750 | Shoals:1 | HP: 19/150 [something/ball of steam (32)]
 25752 | Shoals:1 | Received a gift from Trog
 25761 | Shoals:1 | Reached skill level 17 in Axes
 25786 | Shoals:1 | 25786 ||| DRINKING 8 potions of heal wounds.
 25788 | Shoals:1 | 25788 ||| INVOKING Brothers in Arms.
 25875 | Shoals:1 | 25875 ||| INVOKING Berserk.
 25875 | Shoals:1 | HP: 36/150 [merfolk javelineer/silver javelin (5)]
 25880 | Shoals:1 | HP: 28/150 [merfolk/+0 trident (1)]
 25884 | Shoals:1 | HP: 13/150 [merfolk javelineer/silver javelin (1)]
 25886 | Shoals:1 | HP: 5/150 [merfolk/+0 trident (7)]
 25892 | Shoals:1 | Hit by a silver javelin thrown by a merfolk javelineer

Levels and vault maps discovered:
D:1:      elethiomel_arrival_maze, layout_loops_ring
D:2:      layout_loops_ring, uniq_robin
D:3:      minmay_chambers_of_threes, layout_loops_cross, first_ration
D:4:      layout_rooms, demons_altar, bloody_trog, uniq_duvessa
D:5:      layout_cave_pods, enter_ossuary_4
D:6:      minmay_razor_zed, layout_loops_ring
D:7:      layout_loops_corners, minmay_temple_entry_grid, serial_shops,
          kennysheep_mini_moat, grunt_livestock, uniq_menkaure
D:8:      layout_basic
D:9:      layout_layer_cave, hiddenorc2_lemuel
D:10:     layout_rooms, dpeg_oklobed_lair, serial_shops, nicolae_shop_trees,
          shop, nicolae_shop_crystal, nicolae_shop_statue_plus,
          nicolae_ru_path_of_blood
D:11:     layout_big_octagon, chequers_serial_rivers_marsh
D:12:     layout_long_grid
D:13:     layout_gridville, ximxim_vaults_locker_room
D:14:     minmay_the_grid_octo_tiled_squarecenter_mashed
          [minmay_the_grid_octo_fat_diamond, minmay_the_grid_octo_teeth,
          minmay_the_grid_octo_concentric, minmay_the_grid_octo_vomiting_pacman,
          minmay_the_grid_square_5x5_megaprize_diamond,
          minmay_the_grid_square_5x5_seven,
          minmay_the_grid_square_5x5_misaligned,
          minmay_the_grid_square_5x5_spiral,
          minmay_the_grid_square_5x5_pentomino_r], layout_loops_corners,
          minmay_misc_feat_cross
D:15:     gammafunk_depths_entry_grave, layout_basic,
          minmay_misc_feat_nine_boxes, enter_trove_5, basic_altar, uniq_roxanne
Lair:1:   layout_cave_pods
Lair:2:   layout_gridlike, guppyfry_snake_entry_island,
          portal_ice_cave_entry_imps
Lair:3:   layout_layer_cave, minmay_shoals_entry_hut, beast_lair_carwin_3,
          uniq_sonja
Lair:4:   layout_cave_shapes
Lair:5:   layout_cave_pods, slime_altar_1, gauntlet_entry_generic, basic_altar
Lair:6:   grunt_lair_end_beastmaster, layout_cave_pods, uniq_snorg
Shoals:1: layout_shoals, serial_shops, shop_statue, nicolae_shop_stone, shop,
          nicolae_shop_overgrown_old_shop, nicolae_shoals_aquamancer_cove,
          uniq_frances
Orc:1:    layout_caves, serial_shops, shop_fountains, okawaru_metal_pillars_3
Orc:2:    st_orc_rangers, layout_diamond_mine, serial_shops, nicolae_shop_stone,
          shop_statue, nicolae_shop_waterfront, shop, nicolae_shop_trees,
          basic_altar, chequers_guarded_unrand_ignorance

Skill      XL: |  1  2  3  4  5  6  7  8  9 10 11 12 13 14 15 |
---------------+----------------------------------------------+-----
Axes           | 3 4 5 6 7 8 10 11 12 14 15 16 17 | 17.0
Armour         | 3 4 6 9 10 11 12 | 12.3
Fighting       | 4 6 7 9 10 11 12 13 | 13.0
Shields        | 3 4 11 13 | 13.0
Dodging        | 2 3 |  3.0

Action                   |  1- 3 |  4- 6 |  7- 9 | 10-12 | 13-15 || total
-------------------------+-------+-------+-------+-------+-------++-------
Melee: Hand axe          |   110 |   261 |   483 |   265 |       ||  1119
       War axe           |       |       |       |    95 |       ||    95
       Broad axe         |       |       |       |   398 |   795 ||  1193
       Morningstar       |       |       |       |     6 |    28 ||    34
Invok: Berserk           |     1 |     2 |     7 |    15 |    23 ||    48
       Brothers in Arms  |       |       |       |     3 |     8 ||    11
       Trog's Hand       |       |       |       |       |     2 ||     2
  Use: Scroll            |     5 |     6 |     8 |    17 |    10 ||    46
       Potion            |     2 |     3 |     3 |       |     2 ||    10
 Stab: Distracted        |       |       |       |       |     1 ||     1
  Eat: Chunk             |     2 |     8 |    20 |    15 |    30 ||    75
       Ration            |       |       |     1 |     9 |     8 ||    18
Armor: Animal skin       |    16 |       |       |       |       ||    16
       Chain mail        |    20 |   170 |   255 |   127 |       ||   572
       Plate armour      |       |       |       |   326 |   473 ||   799
Dodge: Dodged            |    62 |   117 |   145 |   227 |   201 ||   752
Block: Buckler           |       |       |    67 |   143 |    46 ||   256
       Kite shield       |       |       |       |       |   284 ||   284

Table legend:
 A = Non-vault XP
 B = Vault XP
 C = Vault XP percentage of total XP
 D = Non-vault monster count
 E = Vault monster count
 F = Vault count percentage of total count
                 A         B        C        D         E       F
            +---------+---------+-------+---------+---------+-------
      Total |   79594 |   46122 |  36.7 |     504 |     218 |  30.2
            +---------+---------+-------+---------+---------+-------
        D:1 |      41 |       0 |   0.0 |      20 |       0 |   0.0
        D:2 |      56 |      29 |  34.1 |      18 |       8 |  30.8
        D:3 |     133 |     184 |  58.0 |      27 |      12 |  30.8
        D:4 |     173 |     305 |  63.8 |      13 |       4 |  23.5
        D:5 |     711 |       2 |   0.3 |      19 |       2 |   9.5
        D:6 |     477 |     377 |  44.1 |      11 |       7 |  38.9
        D:7 |     831 |    1178 |  58.6 |      17 |       6 |  26.1
        D:8 |     988 |       0 |   0.0 |      15 |       0 |   0.0
        D:9 |    1478 |     390 |  20.9 |      30 |      32 |  51.6
       D:10 |    2136 |       0 |   0.0 |      25 |       0 |   0.0
       D:11 |    5955 |       0 |   0.0 |      46 |       0 |   0.0
       D:12 |    3694 |       0 |   0.0 |      13 |       0 |   0.0
       D:13 |    6596 |    4670 |  41.5 |      29 |      12 |  29.3
       D:14 |   14473 |    8940 |  38.2 |      39 |      23 |  37.1
       D:15 |    5999 |    8215 |  57.8 |      23 |      10 |  30.3
     Lair:1 |    5193 |       0 |   0.0 |      29 |       0 |   0.0
     Lair:2 |    5332 |     123 |   2.3 |      23 |      12 |  34.3
     Lair:3 |    1594 |    2486 |  60.9 |       7 |       7 |  50.0
     Lair:4 |    5725 |       0 |   0.0 |      25 |       0 |   0.0
     Lair:5 |    4057 |       0 |   0.0 |      14 |       0 |   0.0
     Lair:6 |    5584 |   11457 |  67.2 |      19 |      19 |  50.0
   Shoals:1 |    3967 |    2876 |  42.0 |      11 |       4 |  26.7
      Orc:1 |    1314 |       0 |   0.0 |      11 |       0 |   0.0
      Orc:2 |    3087 |    4642 |  60.1 |      20 |      33 |  62.3
    Ossuary |       0 |     248 | 100.0 |       0 |      27 | 100.0
            +---------+---------+-------+---------+---------+-------
